AoeStats
← BigBallsBerry

Nomad

504261782Analyzed
2v2 RM · 26d ago on Sep 4, 2026· 27m 32s· 4 players
Game mode
Random Map
Map size
176×176
Population
200
Speed
Normal
Resources
Standard
Victory
Conquest
Starting age
Dark Age
Ending age
Imperial Age
RankedLock teamsTeams togetherTeam positionsShared explorationLock speedFull tech treeHidden civsTurbo modeCheats
Victory
Defeat
958
+15
🇬🇧 Franks · United Kingdom
929
+16
🇨🇱 Turks · Chile
1018
-19
🇨🇱 Mongols · Chile
855
-12
Dwirn
8:51 Loom
13:06 Feudal Age
14:54 Double-Bit Axe
26:04 Castle Age
Sonry
4:51 Loom
15:45 Feudal Age
20:20 Double-Bit Axe
26:49 Castle Age
BigBallsBerry
7:09 Loom
15:13 Feudal Age
15:38 Fishing Lines
16:25 Double-Bit Axe
21:47 Stone Mining
24:25 Castle Age
25:24 Fletching
gitPushOriginMaster
6:56 Loom
16:28 Feudal Age
16:56 Double-Bit Axe
16:54 Fishing Lines
19:08 Bloodlines
19:33 Forging
21:30 Castle Age
21:09 Scale Barding Armor
23:23 Bow Saw
25:33 Iron Casting
27:14 Chain Barding Armor
Connection lost

Rejoining the realm…

Still unreachable

The connection could not be restored.

Session expired

The server has moved on; the page needs a fresh start.